[Event "*** SCC Grand Prix: Titled Tuesday Blitz"]
[Site "Chess.com"]
[Date "2020.10.13"]
[Round "8"]
[White "GMSrinath"]
[Black "Eliwood44"]
[Result "1-0"]
[WhiteElo "2800"]
[BlackElo "2427"]
[TimeControl "180+1"]
[EndTime "11:33:25 PDT"]
[Termination "GMSrinath won by resignation"]

1. Nf3 Nf6 2. c4 e6 3. b3 d5 4. Bb2 c5 5. e3 Nc6 6. cxd5 Nxd5 7. d4 cxd4 8. Nxd4 Bb4+ 9. Nd2 Nxd4 10. Bxd4 O-O 11.
a3 e5 12. Bxe5 Re8 13. axb4 Rxe5 14. Nf3 Re8 15. Qd4 Be6 16. Be2 Qe7 17. b5 Red8 18. O-O Nb4 19. Qe4 Rd7 20. Nd4 h6 21. Nxe6 fxe6 22. Bg4 Re8 23. Rxa7 Nd5 24. Rfa1 Nf6 25. Qc4 Rc7 26. Qe2 Qc5 27. h3 Nxg4 28. hxg4 Rf8 29. R7a4 Rcf7 30. Rf1 Qd5 31. Qc4 Qe5 32. Qe4 Qb2 33.
Qxe6 Kh8 34. Rf4 Rxf4 35. exf4 Rxf4 36. g3 Rb4 37. Qc8+ Kh7 38. Qf5+ Kh8 39. Re1 Qxb3 40. Re8+ 1-0

[Event "*** SCC Grand Prix: Titled Tuesday Blitz"]
[Site "Chess.com"]
[Date "2020.10.13"]
[Round "8"]
[White "Hikaru"]
[Black "Parhamov"]
[Result "0-1"]
[WhiteElo "3204"]
[BlackElo "2984"]
[TimeControl "180+1"]
[EndTime "11:33:27 PDT"]
[Termination "Parhamov won by resignation"]

1. e4 e5 2. Nf3 Nc6 3. Bb5 Nf6 4. d3 Bc5 5. Bxc6 dxc6 6. Nbd2 Nd7 7. Qe2 Qe7 8. Nf1 a5 9. Ng3 Nb6 10. Nf5 Bxf5 11. exf5 f6 12. Nd2 a4 13. a3 Nc8 14.
Ne4 Bb6 15. Bd2 Nd6 16. g4 Nxe4 17. Qxe4 Qc5 18. O-O-O Qd5 19. f4 O-O-O 20. Qxa4 Qa2 21. c3 exf4 22. Kc2 f3 23. Qe4 f2 24. d4 Rhe8 25.
Qf3 c5 26. Be3 cxd4 27. Bxf2 d3+ 28. Rxd3 Rxd3 29. Qxd3 Bxf2 30. Rd1 Qf7 31. Qf3 Bb6 32. h4 Kb8 33. g5 Qc4 34. Rd7 Qa4+ 35. Kb1 Qxd7 0-1

[Event "*** SCC Grand Prix: Titled Tuesday Blitz"]
[Site "Chess.com"]
[Date "2020.10.13"]
[Round "8"]
[White "kidagent"]
[Black "JiiHart"]
[Result "1-0"]
[WhiteElo "2279"]
[BlackElo "2076"]
[TimeControl "180+1"]
[EndTime "11:33:27 PDT"]
[Termination "kidagent won on time"]

1. e4 c5 2. Nf3 Nc6 3. d4 cxd4 4. Nxd4 Nf6 5. Nc3 d6 6. Be2 e5 7. Ndb5 a6 8. Na3 b5 9. Nd5 Nxe4 10. O-O f5 11.
Bf3 Be6 12. c4 b4 13. Nc2 Rb8 14. Re1 Be7 15. Bxe4 fxe4 16. Rxe4 O-O 17. Nce3 Nd4 18. Bd2 a5 19. Qh5 g6 20. Qd1 Bg5 21. b3 Bh6 22. a3 Qg5 23. axb4 Nf3+ 24. Kh1 Nxd2 25.
Qxd2 axb4 26. h4 Qh5 27. Qd1 Rxf2 28. Qxh5 gxh5 29. Ra7 Rbf8 30. Kh2 Bf4+ 31. Nxf4 exf4 32. Rxe6 fxe3 33. Rxe3 R2f4 34. Kh3 Rg4 35. Rb7 Rff4 36. Rg3 Kf8 37. Rxg4 hxg4+ 38. Kg3 Rd4 39. Rxb4 h5 40.
Rb7 1-0

[Event "*** SCC Grand Prix: Titled Tuesday Blitz"]
[Site "Chess.com"]
[Date "2020.10.13"]
[Round "8"]
[White "LionTheLeon_06"]
[Black "TimofeevAr"]
[Result "1/2-1/2"]
[WhiteElo "2641"]
[BlackElo "2812"]
[TimeControl "180+1"]
[EndTime "11:33:29 PDT"]
[Termination "Game drawn by repetition"]

1. d4 d5 2. c4 e6 3. Nf3 Nf6 4. g3 g6 5. Bg2 Bg7 6. O-O O-O 7.
Nc3 dxc4 8. Ne5 Nd5 9. Nxc4 Nc6 10. e3 b6 11. Bd2 Bb7 12. Rc1 Qd7 13. Qb3 Rfd8 14. Rfd1 Rac8 15. a3 h5 16. h4 Nce7 17.
Be1 Nxc3 18. Bxc3 Bxg2 19. Kxg2 Qd5+ 20. Kg1 Nf5 21. Nd2 Qb7 22. Qc2 c5 23. dxc5 Rxc5 24. Ne4 Rxd1+ 25. Rxd1 Rc8 26. Qd3 Bxc3 27. Nxc3 Qc6 28.
Qd7 a6 29. Qxc6 Rxc6 30. Ne4 Ne7 31. Rd8+ Kg7 32. Rd7 Kf8 33. Rd8+ Kg7 34. Rd7 Kf8 35. Nd6 Rc2 36. Rd8+ Kg7 37. Rd7 Kf8 38. Rd8+ Kg7 39. Ne8+ Kf8 40. Nd6+ 1/2-1/2

[Event "*** SCC Grand Prix: Titled Tuesday Blitz"]
[Site "Chess.com"]
[Date "2020.10.13"]
[Round "8"]
[White "Mikhail_Golubev"]
[Black "zmeeed67"]
[Result "1-0"]
[WhiteElo "2530"]
[BlackElo "2354"]
[TimeControl "180+1"]
[EndTime "11:33:29 PDT"]
[Termination "Mikhail_Golubev won by resignation"]

1. e4 Nc6 2. Nf3 d6 3. d4 Nf6 4. Nc3 Bg4 5. d5 Nb8 6. h3 Bxf3 7. Qxf3 Nbd7 8. Be2 g6 9. O-O Bg7 10. Re1 c6 11. dxc6 bxc6 12. Bf4 O-O 13. Rad1 Qb6 14.
b3 Nh5 15. Na4 Qb7 16. Bh2 Nb6 17. Nxb6 axb6 18. a4 b5 19. axb5 cxb5 20. e5 Qc8 21. exd6 exd6 22. Bxd6 Re8 23. Bxb5 Rxe1+ 24. Rxe1 Nf6 25.
Bc4 Ra7 26. Re7 Rxe7 27. Bxe7 Qf5 28. Qxf5 gxf5 29. b4 Ne4 30. b5 Bd4 31. Bh4 Kf8 32.
Bd3 Ke8 33. Bxe4 fxe4 34. c4 Kd7 35. Bg5 f5 36. Be3 1-0

[Event "*** SCC Grand Prix: Titled Tuesday Blitz"]
[Site "Chess.com"]
[Date "2020.10.13"]
[Round "8"]
[White "CM_rui"]
[Black "MVM2008"]
[Result "1-0"]
[WhiteElo "2336"]
[BlackElo "2182"]
[TimeControl "180+1"]
[EndTime "11:33:29 PDT"]
[Termination "CM_rui won on time"]

1. e4 e5 2. Nc3 Bc5 3. f4 d5 4. Nxd5 c6 5. Nc3 Qb6 6. Na4 Bf2+ 7. Ke2 Qd4 8. c3 Qxe4+ 9. Kxf2 Nf6 10. d3 Qf5 11. h3 O-O 12. Nf3 e4 13. Nd4 Qd5 14. Be3 b5 15. c4 Qd7 16. cxb5 cxb5 17. Nc3 exd3 18. Bxd3 Bb7 19. Rf1 b4 20. Nce2 Re8 21.
Nf5 Qc6 22. Rg1 Na6 23. Ned4 Qc5 24. Ne6 Qxe3+ 25. Nxe3 Rxe6 26. Bc4 Re7 27. Nf5 Ne4+ 28. Ke3 Nc3+ 29. Nxe7+ 1-0

[Event "*** SCC Grand Prix: Titled Tuesday Blitz"]
[Site "Chess.com"]
[Date "2020.10.13"]
[Round "8"]
[White "Alexsur1981"]
[Black "tptagain"]
[Result "1-0"]
[WhiteElo "2816"]
[BlackElo "2863"]
[TimeControl "180+1"]
[EndTime "11:33:31 PDT"]
[Termination "Alexsur1981 won by resignation"]

1. e4 e6 2. d4 c5 3. d5 exd5 4. exd5 d6 5. c4 Nf6 6. Bd3 Bg4 7. Ne2 Be7 8. Nbc3 O-O 9. O-O Nbd7 10. f4 Re8 11. h3 Bxe2 12. Bxe2 Bf8 13. Bd3 g6 14. g4 Bg7 15. Bd2 h6 16. Qc2 Nh7 17.
Kg2 Bd4 18. Ne2 Qf6 19. Nxd4 cxd4 20. b4 a5 21. a3 axb4 22. axb4 Rxa1 23. Rxa1 Qh4 24.
Qd1 b5 25. cxb5 Nb6 26. Qf3 Nf6 27. Qf2 Qxf2+ 28. Kxf2 Ne4+ 29. Bxe4 Rxe4 30. Ra6 Nc4 31. b6 Nxd2 32. b7 Kg7 33. b8=Q d3 34. Qa7 Re2+ 35. Kg3 Ne4+ 36. Kf3 Nd2+ 37. Kg3 Ne4+ 38. Kh4 d2 39. Qd4+ Kh7 40. Ra7 g5+ 41. fxg5 Nxg5 42. Qd3+ Re4 43.
Kg3 Kg7 44. Qxd2 Re5 45. Qd4 Ne4+ 46. Kf4 Ng5 47. Qxe5+ dxe5+ 48. Kxe5 1-0

[Event "*** SCC Grand Prix: Titled Tuesday Blitz"]
[Site "Chess.com"]
[Date "2020.10.13"]
[Round "8"]
[White "Mr_Sinigami"]
[Black "1977Ivan"]
[Result "0-1"]
[WhiteElo "2512"]
[BlackElo "2691"]
[TimeControl "180+1"]
[EndTime "11:33:32 PDT"]
[Termination "1977Ivan won on time"]

1. d4 Nf6 2. Nf3 e6 3. Bf4 b6 4.
e3 Bb7 5. Be2 d6 6. h3 Nbd7 7.
O-O Qe7 8. a4 Ne4 9. a5 g5 10.
Bh2 h5 11. axb6 axb6 12. Rxa8+ Bxa8 13. Qd3 g4 14. Qa6 Qd8 15. Nh4 gxh3 16. g3 Rg8 17.
Nc3 Nxc3 18. bxc3 Be4 19. Nf3 Bh6 20. Nd2 Bg6 21. Ra1 Ke7 22. Bf3 Nf6 23. Qb7 Ng4 24.
Ra7 Kf6 25. Qxc7 Qxc7 26. Rxc7 d5 27. Bxg4 hxg4 28. Kf1 Ra8 29. Ke2 Ra1 30. f3 Rh1 31.
Nf1 gxf3+ 32. Kf2 Bxc2 33. g4 Be4 34. Be5+ Kg6 35. c4 Bg5 36. Rc8 Bh4+ 0-1

[Event "*** SCC Grand Prix: Titled Tuesday Blitz"]
[Site "Chess.com"]
[Date "2020.10.13"]
[Round "8"]
[White "Flopezin"]
[Black "Fh2411"]
[Result "0-1"]
[WhiteElo "2367"]
[BlackElo "2527"]
[TimeControl "180+1"]
[EndTime "11:33:32 PDT"]
[Termination "Fh2411 won on time"]

1. c4 c6 2. e4 e5 3. Nf3 d6 4. Be2 Nd7 5. O-O Ngf6 6. Nc3 Be7 7. d3 O-O 8. Ne1 d5 9. f4 dxe4 10. dxe4 Bc5+ 11. Kh1 h6 12. f5 Nb6 13. Nc2 Qxd1 14. Rxd1 a5 15. Be3 Nfd7 16. Kg1 Bxe3+ 17. Nxe3 Nc5 18. Bf3 Bd7 19. b3 Rfd8 20. Kf2 Kf8 21.
Ke2 Ke7 22. Rab1 Be8 23. g4 f6 24. h4 Rxd1 25. Rxd1 Na6 26. Kd2 Bf7 27. Kc2 Nd7 28. Na4 Rb8 29. Nc3 Ndc5 30. Rd2 Nb4+ 31. Kb2 Nbd3+ 32. Kb1 Ra8 33. Be2 Nf4 34. Bf1 Rd8 0-1

[Event "*** SCC Grand Prix: Titled Tuesday Blitz"]
[Site "Chess.com"]
[Date "2020.10.13"]
[Round "8"]
[White "Witik"]
[Black "GelmanAlexander"]
[Result "0-1"]
[WhiteElo "2736"]
[BlackElo "2600"]
[TimeControl "180+1"]
[EndTime "11:33:33 PDT"]
[Termination "GelmanAlexander won on time"]

1. e4 c5 2. Nf3 e6 3. d4 cxd4 4. Nxd4 a6 5. c4 b6 6. Nc3 Bb7 7. a3 d6 8. f4 Nf6 9. Qd3 Nbd7 10. b4 g6 11. Be2 Bg7 12. O-O O-O 13. Be3 Rc8 14. Rac1 Qe7 15. Nb3 Rfd8 16. a4 d5 17. cxd5 exd5 18. e5 Ne4 19. Nxd5 Bxd5 20.
Qxd5 Ndc5 21. Qc4 b5 22. axb5 axb5 23. Qc2 Nxb3 24. Qxb3 Rxc1 25. Rxc1 g5 26. g3 gxf4 27. gxf4 Kh8 28. Bf3 f5 29. Bxe4 fxe4 30. Rd1 Rg8 31. Kh1 Qh4 32. Rg1 Qh3 33. Rg3 Qf1+ 34. Bg1 Qxf4 35.
Qe3 Bxe5 36. Rxg8+ Kxg8 0-1

[Event "*** SCC Grand Prix: Titled Tuesday Blitz"]
[Site "Chess.com"]
[Date "2020.10.13"]
[Round "8"]
[White "GianmarcoVaR"]
[Black "tdf98pantani"]
[Result "0-1"]
[WhiteElo "2599"]
[BlackElo "2724"]
[TimeControl "180+1"]
[EndTime "11:33:33 PDT"]
[Termination "tdf98pantani won by resignation"]

1. d4 d5 2. c4 e6 3. g3 c6 4.
Nf3 Bb4+ 5. Bd2 Bd6 6. Qc2 f5 7.
Bg2 Nf6 8. Bf4 Bxf4 9. gxf4 O-O 10. e3 Bd7 11. Nbd2 Be8 12. Ne5 Nbd7 13. O-O-O Qa5 14. Kb1 Nxe5 15. fxe5 Ne4 16. Nb3 Qb4 17. c5 f4 18.
f3 fxe3 19. fxe4 Rf2 20. Qc3 Qxc3 21. bxc3 Rxg2 22. exd5 cxd5 23. Rde1 e2 24. Kc2 Bh5 25. Kd2 Rf8 26. Nc1 Rf1 27. a4 Rgf2 28. Nd3 Rxh1 29. Nxf2 Rxh2 30. Nd3 Bg4 31. a5 a6 32. Nb4 Rf2 33.
c6 Rf7 34. Rb1 h5 35. Nxd5 bxc6 36. Nb4 h4 37. Nxa6 Ra7 38. Rb6 h3 39. Rxc6 h2 40. Rc8+ Kh7 0-1

[Event "*** SCC Grand Prix: Titled Tuesday Blitz"]
[Site "Chess.com"]
[Date "2020.10.13"]
[Round "8"]
[White "realmadridtv"]
[Black "AndreyNeves"]
[Result "1-0"]
[WhiteElo "2414"]
[BlackElo "2273"]
[TimeControl "180+1"]
[EndTime "11:33:33 PDT"]
[Termination "realmadridtv won by resignation"]

1. d4 d5 2. Nf3 Nf6 3. g3 g6 4. Bg2 Bg7 5. O-O O-O 6. c4 c6 7. Nc3 dxc4 8. e4 Bg4 9. h3 Bxf3 10. Bxf3 e6 11. Be3 Nbd7 12. h4 h5 13. a4 a5 14.
Qe2 Nb6 15. Rad1 Nfd7 16. Bg5 Qc7 17. e5 Rfe8 18. g4 hxg4 19. Bxg4 Nd5 20. Ne4 Nxe5 21. dxe5 Qxe5 22. Rd2 f5 23. Qxc4 Qxe4 24. Qxe4 fxe4 25. Re1 e3 26. Bxe3 Nxe3 27. Rxe3 Bh6 28. Rd7 Bxe3 29.
fxe3 Rab8 30. h5 gxh5 31. Bxh5 Rf8 32. Kg2 b5 33. axb5 Rxb5 34. Bg4 Rxb2+ 35. Kg3 Rf6 36.
e4 Rg6 37. Kf4 Rb4 38. Bh5 Rh6 39. Kg5 Rxh5+ 40. Kg6 Rh6+ 41. Kxh6 Rxe4 42. Kg6 Rg4+ 43. Kf6 Rb4 44. Rg7+ Kf8 45. Ra7 a4 46. Ra8+ 1-0

[Event "*** SCC Grand Prix: Titled Tuesday Blitz"]
[Site "Chess.com"]
[Date "2020.10.13"]
[Round "8"]
[White "m_ezat"]
[Black "Kaua18"]
[Result "1-0"]
[WhiteElo "2531"]
[BlackElo "2355"]
[TimeControl "180+1"]
[EndTime "11:33:34 PDT"]
[Termination "m_ezat won on time"]

1. d4 Nf6 2. c4 e6 3. Nc3 Bb4 4. e3 O-O 5. a3 Bxc3+ 6. bxc3 d5 7. cxd5 exd5 8. Bd3 Re8 9. f3 c5 10. Ne2 Nc6 11. O-O a5 12. Ng3 h5 13. Ra2 b6 14. Re2 Ba6 15. Bxa6 Rxa6 16. Bb2 Ra7 17. e4 g6 18. e5 Nh7 19. f4 h4 20. Nh1 Ne7 21.
g4 hxg3 22. Nxg3 Qd7 23. f5 Nxf5 24. Nxf5 gxf5 25. Rg2+ Kh8 26. c4 Re6 27. Qh5 dxc4 28. d5 Qxd5 29. Rd1 Qa8 30. Qh4 Rae7 31. Rg3 Qe4 32.
Rd8+ Re8 33. Rxe8+ Rxe8 34. e6+ c3 35. Bxc3+ 1-0

[Event "*** SCC Grand Prix: Titled Tuesday Blitz"]
[Site "Chess.com"]
[Date "2020.10.13"]
[Round "8"]
[White "Aygehovit1992"]
[Black "FairChess_on_YouTube"]
[Result "1-0"]
[WhiteElo "2644"]
[BlackElo "2959"]
[TimeControl "180+1"]
[EndTime "11:33:36 PDT"]
[Termination "Aygehovit1992 won on time"]

1. e4 c5 2. Nc3 a6 3. f4 b5 4. Nf3 Bb7 5. a3 e6 6. d4 b4 7. axb4 cxb4 8. Ne2 Bxe4 9. Ng3 Bd5 10. c4 bxc3 11. bxc3 Nf6 12. Bd3 Be7 13. O-O O-O 14. f5 Nc6 15. Ne5 Qc7 16. Ng4 e5 17. Nxf6+ Bxf6 18. Nh5 exd4 19. Nxf6+ gxf6 20. c4 Ne5 21. cxd5 Kh8 22. Ba3 Rg8 23. Be7 Rxg2+ 24. Kxg2 Rg8+ 25. Kh3 Ng4 26. Qxg4 Rxg4 27. Bxf6+ Kg8 28. Kxg4 Qxh2 29.
Rg1 h5+ 30. Kf3+ Kf8 31. Bxd4 Qd2 32. Rad1 Qb4 33. f6 1-0

[Event "*** SCC Grand Prix: Titled Tuesday Blitz"]
[Site "Chess.com"]
[Date "2020.10.13"]
[Round "8"]
[White "FMJoseHerrera"]
[Black "simplerXiao"]
[Result "1-0"]
[WhiteElo "2568"]
[BlackElo "2420"]
[TimeControl "180+1"]
[EndTime "11:33:37 PDT"]
[Termination "FMJoseHerrera won by checkmate"]

1. Nf3 d5 2. g3 Nc6 3. Bg2 e5 4. O-O e4 5. Ne1 Nf6 6. c4 dxc4 7. Qa4 Be6 8. Nc3 Qd4 9. Nc2 Qe5 10. Ne3 Bc5 11. Nxc4 Qd4 12. b3 O-O 13. Bb2 Bxc4 14. Qxc4 Qxd2 15. Qxc5 Qxb2 16. Rab1 Qd2 17. Rfd1 Qh6 18.
Nxe4 Ng4 19. h3 Nge5 20. f4 Ng6 21. Ng5 Rae8 22. e4 Nge7 23. e5 Nf5 24. g4 Ng3 25. Qf2 Qh4 26. Nf3 Qe7 27. Qxg3 Kh8 28. Kh2 Qa3 29.
Rd2 f6 30. exf6 Rxf6 31. Rbd1 Ref8 32. f5 a5 33. Qxc7 a4 34. bxa4 Qxa4 35. Ng5 h6 36.
Ne6 R8f7 37. Rd8+ Kh7 38. R8d7 Ne5 39. Rxf7 Nxf7 40. Rd7 Qxa2 41. Rxf7 Rxf7 42. Qxf7 Qb2 43. Qg6+ Kh8 44. Qe8+ Kh7 45. Nf8+ Kg8 46. Ng6+ Kh7 47.
Qh8# 1-0

[Event "*** SCC Grand Prix: Titled Tuesday Blitz"]
[Site "Chess.com"]
[Date "2020.10.13"]
[Round "8"]
[White "Julianos82"]
[Black "Natalya_Buksa"]
[Result "0-1"]
[WhiteElo "2327"]
[BlackElo "2522"]
[TimeControl "180+1"]
[EndTime "11:33:41 PDT"]
[Termination "Natalya_Buksa won by resignation"]

1. d4 d5 2. Bf4 Nf6 3. e3 g6 4. c4 Bg7 5. Nc3 O-O 6. Nf3 c5 7. Rc1 cxd4 8. Nxd4 Nc6 9. Nxc6 bxc6 10. cxd5 cxd5 11. Be5 Bb7 12. Qd4 Nh5 13. Be2 Bxe5 14. Qxe5 Ng7 15. Bf3 f6 16. Qd4 e6 17. O-O Qd7 18. Rfd1 Nf5 19. Qd2 Rfd8 20. g3 Qe7 21. Qe2 Nd6 22. e4 dxe4 23. Nxe4 Nxe4 24. Bxe4 Bxe4 25.
Qxe4 Rac8 26. Kg2 Rxc1 27. Rxc1 Kg7 28. Rc6 e5 29. Qc4 f5 30. h4 e4 31. h5 e3 32. Rc7 Rd7 33. Qd4+ Rxd4 34. Rxe7+ Kf6 35. Rxe3 gxh5 36. Ra3 Rd7 37. Ra6+ Kg5 38. Kh3 h4 39.
gxh4+ Kf4 40. Kg2 Rg7+ 41. Kf1 Kg4 42. Ra4+ f4 43. Ke2 Re7+ 44. Kd3 Kf3 45. h5 Rf7 46. b4 Kxf2 47. b5 f3 48. Rb4 Kg3 49. a4 f2 50.
Rb1 f1=Q+ 51. Rxf1 Rxf1 52. a5 Ra1 0-1

[Event "*** SCC Grand Prix: Titled Tuesday Blitz"]
[Site "Chess.com"]
[Date "2020.10.13"]
[Round "8"]
[White "WuinaterJr"]
[Black "brunomorado"]
[Result "1-0"]
[WhiteElo "2518"]
[BlackElo "2305"]
[TimeControl "180+1"]
[EndTime "11:33:41 PDT"]
[Termination "WuinaterJr won by resignation"]

1. d4 d5 2. c4 c6 3. Nf3 Nf6 4. g3 Bf5 5. Bg2 e6 6. O-O Be7 7. Nc3 O-O 8. b3 dxc4 9. bxc4 Nbd7 10. Nh4 Qa5 11. Nxf5 exf5 12. Qb3 Rab8 13. Bf4 Rbc8 14. Rac1 b6 15. Rfd1 Ba3 16. Rc2 Rfe8 17. h3 Ne4 18. Nxe4 fxe4 19. g4 Be7 20. Bxe4 Bg5 21. Qf3 Bxf4 22.
Qxf4 Nf6 23. Bg2 Qa4 24. Rdd2 Re6 25. g5 Nh5 26. Qf3 g6 27. h4 Rce8 28. e3 Qb4 29.
d5 Qb1+ 30. Kh2 cxd5 31. cxd5 R6e7 32. d6 Rd7 33. Bh3 Red8 34. Bxd7 Rxd7 35. Rc7 Qb4 36.
Rxd7 Qxh4+ 37. Qh3 Qxg5 38. Re7 Nf6 39. Rd4 h5 40. d7 Ng4+ 41. Rxg4 Qxe7 42. Rd4 Qe5+ 43. Qg3 1-0

[Event "*** SCC Grand Prix: Titled Tuesday Blitz"]
[Site "Chess.com"]
[Date "2020.10.13"]
[Round "8"]
[White "Vamostodorecto"]
[Black "mr65"]
[Result "0-1"]
[WhiteElo "2353"]
[BlackElo "2186"]
[TimeControl "180+1"]
[EndTime "11:33:41 PDT"]
[Termination "mr65 won by checkmate"]

1. d4 Nf6 2. c4 g6 3. Nc3 Bg7 4. e4 d6 5. Be2 O-O 6. Nf3 Na6 7. O-O e5 8. Bg5 h6 9. Be3 Ng4 10. Bc1 f5 11. h3 fxe4 12. Nxe4 Nf6 13. Nxf6+ Qxf6 14. c5 exd4 15. Bc4+ Kh8 16. cxd6 Qxd6 17. b3 c5 18. Nh4 g5 19. Nf3 Nb4 20. Bxg5 hxg5 21. Nxg5 Qh6 22. Nf7+ Rxf7 23. Bxf7 Bf5 24. Qf3 Bd3 25.
Rfd1 Rf8 26. Qxb7 Qf6 27. Bh5 Qxf2+ 28. Kh1 Qh4 29. Bf3 Bf5 30. Rf1 Nc2 31. Rac1 Ne3 32.
Qxa7 Nxf1 33. Rxf1 Bxh3 34. Kg1 Bh6 35. Qxc5 Be3+ 36. Rf2 Bxf2+ 37. Kf1 Be3 38. Qxf8+ Kh7 39. Qf7+ Kh6 40. Qf8+ Kg6 41. gxh3 Qf2# 0-1

[Event "*** SCC Grand Prix: Titled Tuesday Blitz"]
[Site "Chess.com"]
[Date "2020.10.13"]
[Round "8"]
[White "korkmaz16"]
[Black "Matols"]
[Result "1-0"]
[WhiteElo "2372"]
[BlackElo "2231"]
[TimeControl "180+1"]
[EndTime "11:33:42 PDT"]
[Termination "korkmaz16 won on time"]

1. e4 e6 2. d4 d5 3. e5 c5 4. c3 Qb6 5. Nf3 Nc6 6. a3 Nh6 7. b4 cxd4 8. cxd4 Nf5 9. Bb2 Bd7 10. g4 Nfe7 11. Nc3 Na5 12. Nd2 h5 13. Rb1 Nc4 14. Nxc4 dxc4 15. Bg2 Bc6 16. d5 Nxd5 17. Nxd5 exd5 18. Bxd5 O-O-O 19. Bd4 Qc7 20. Bxc6 Qxc6 21. O-O hxg4 22. Qxg4+ Kb8 23. e6 Bd6 24. h3 fxe6 25.
b5 Qd5 26. Rfd1 Qh5 27. Qxe6 Qxh3 28. Qxh3 Rxh3 29. Be5 Kc7 30. Rbc1 c3 31. Bxc3 Bh2+ 32.
Kg2 Rxd1 33. Be5+ Kb6 34. Rxd1 Rxa3 35. Bxh2 Kxb5 36. Rb1+ Kc6 37. Rc1+ Kb5 38. Rc7 b6 39. Rxg7 a5 40. Bd6 Rb3 41. f4 a4 42. f5 a3 43. f6 a2 44. Be5 Ra3 45. f7 Ra8 46.
Rg8 1-0

[Event "*** SCC Grand Prix: Titled Tuesday Blitz"]
[Site "Chess.com"]
[Date "2020.10.13"]
[Round "8"]
[White "kuban1991"]
[Black "Bigfish1995"]
[Result "0-1"]
[WhiteElo "2818"]
[BlackElo "3094"]
[TimeControl "180+1"]
[EndTime "11:33:45 PDT"]
[Termination "Bigfish1995 won on time"]

1. Nf3 d5 2. g3 c5 3. Bg2 Nf6 4. O-O e6 5. d3 Be7 6. Nbd2 O-O 7. e4 Nc6 8. e5 Ne8 9. c4 Nc7 10. h4 b5 11. b3 a5 12. Bb2 a4 13. cxb5 Nxb5 14. bxa4 Nc7 15. Rc1 Bd7 16. Nb3 Na6 17.
Ba3 Qb6 18. d4 c4 19. Bxe7 Nxe7 20. Nbd2 Nb4 21. Ng5 h6 22. Nh3 Nxa2 23. Rb1 Qxd4 24. Rb7 Bxa4 25. Qe1 Ng6 26. Nf3 Qc5 27. h5 Ne7 28.
Qd2 Bb3 29. Nd4 Rfb8 30. Rxb8+ Rxb8 31. Nf4 c3 32. Nxb3 cxd2 33. Nxc5 Nc3 34. Bf3 Nc6 35. Nfd3 Nd4 36. Bg4 Nde2+ 37. Kg2 d1=Q 38. Rxd1 Nxd1 39.
Bxe2 Nc3 40. Bg4 Ra8 41. Nb7 Ra2 42. Nbc5 Rd2 43. Kf3 Nd1 44. Kg2 Ne3+ 45. Kh3 Nc4 46. Kg2 Kf8 47. Kh3 Ke7 48. Kg2 Rc2 49. Kf3 Nxe5+ 50. Nxe5 Rxc5 51. Nd3 Rc3 52. Ke2 Kd6 53. f4 f6 54. Bh3 e5 55. fxe5+ fxe5 56. Bf5 e4 57.
Nf4 Rxg3 58. Bg6 Ke5 0-1

[Event "*** SCC Grand Prix: Titled Tuesday Blitz"]
[Site "Chess.com"]
[Date "2020.10.13"]
[Round "8"]
[White "poppy73"]
[Black "aloe_normansen"]
[Result "0-1"]
[WhiteElo "2229"]
[BlackElo "2353"]
[TimeControl "180+1"]
[EndTime "11:33:45 PDT"]
[Termination "aloe_normansen won on time"]

1. e4 c5 2. Nf3 d6 3. d4 cxd4 4. Nxd4 Nf6 5. Nc3 a6 6. Be2 e6 7.
O-O Be7 8. f4 Qc7 9. Kh1 Nc6 10.
a4 O-O 11. Be3 Nxd4 12. Qxd4 e5 13. Qd3 Bd7 14. f5 b5 15. Bg5 Bc6 16. Bxf6 Bxf6 17. axb5 axb5 18. Nxb5 Bxb5 19. Qxb5 Rab8 20. Qc4 Qb7 21.
b3 Rfc8 22. Qd3 d5 23. Qxd5 Qb4 24. Bc4 Qe7 25. Rfd1 Rd8 26. Qa5 h5 27. Rxd8+ Rxd8 28. Qa7 Rd7 29. Qa8+ Kh7 30. Bd5 h4 31. h3 Qb4 32. Qa6 Qc3 33. Qe2 Qxa1+ 0-1

[Event "*** SCC Grand Prix: Titled Tuesday Blitz"]
[Site "Chess.com"]
[Date "2020.10.13"]
[Round "8"]
[White "picturesquecheck"]
[Black "ajdemipopushi"]
[Result "1-0"]
[WhiteElo "2228"]
[BlackElo "2320"]
[TimeControl "180+1"]
[EndTime "11:33:45 PDT"]
[Termination "picturesquecheck won on time"]

1. e4 c5 2. Nf3 g6 3. d4 cxd4 4. Nxd4 Bg7 5. Nc3 Nc6 6. Be3 Nf6 7. Bc4 O-O 8. Bb3 Ng4 9. Qxg4 Nxd4 10. O-O-O d6 11.
Qg3 Nxb3+ 12. cxb3 Be6 13. Bd4 Qa5 14. Kb1 Rac8 15.
Bxg7 Kxg7 16. h4 h5 17. f4 Bg4 18. Rd5 Qb6 19. f5 Rc6 20. Rf1 Qc7 21. Nb5 Qb8 22.
Qe3 a6 23. Nd4 Rc5 24. fxg6 fxg6 25. Rf4 Rxf4 26. Qxf4 e5 27. Qg5 exd4 28. Qe7+ Kg8 29. Rxd6 Rc6 30. Rd8+ Qxd8 31. Qxd8+ Kg7 32. Qxd4+ Kh7 33.
a3 Be6 34. e5 Bf5+ 35. Ka2 Rc1 36. b4 b5 37. b3 1-0

[Event "*** SCC Grand Prix: Titled Tuesday Blitz"]
[Site "Chess.com"]
[Date "2020.10.13"]
[Round "8"]
[White "kintoho"]
[Black "ExcitingTrap"]
[Result "0-1"]
[WhiteElo "2488"]
[BlackElo "2326"]
[TimeControl "180+1"]
[EndTime "11:33:46 PDT"]
[Termination "ExcitingTrap won by checkmate"]

1. e4 e6 2. d4 d5 3. exd5 exd5 4.
c4 Bb4+ 5. Nc3 Ne7 6. Bd3 dxc4 7.
Bxc4 O-O 8. Nf3 Bg4 9. Be3 Nf5 10. O-O Nc6 11. a3 Ba5 12. d5 Ne5 13. Be2 Ng6 14.
Bg5 Qd6 15. h3 Bxf3 16. Bxf3 Rfe8 17. Qb3 Nd4 18. Qd1 Bb6 19. Be4 f5 20. Bb1 Kh8 21.
Be3 Qf6 22. Na4 Nb5 23. Nxb6 axb6 24. Bc1 Rad8 25. a4 Nd4 26. Ba2 Ne2+ 27. Kh1 f4 28. Qd3 Nd4 29. Bd2 f3 30. Bc3 fxg2+ 31. Kg1 gxf1=Q+ 32. Kxf1 c5 33. dxc6 bxc6 34. Rd1 c5 35. b4 Nf4 36. Qg3 Nfe2 37. Qd3 Rf8 38. f3 Qxf3+ 39. Qxf3 Rxf3+ 40. Kg2 Rxc3 41. bxc5 bxc5 42.
a5 Nf4+ 43. Kf2 Nxh3+ 44. Ke1 Re8+ 45. Kd2 Rc2+ 46. Kd3 Rxa2 47. Kc4 Rxa5 48. Kd5 Nf4+ 49. Kd6 h6 50. Rf1 Re6+ 51. Kc7 g5 52. Rb1 Ra7+ 53.
Kb8 Nc6+ 54. Kc8 Re8# 0-1

[Event "*** SCC Grand Prix: Titled Tuesday Blitz"]
[Site "Chess.com"]
[Date "2020.10.13"]
[Round "8"]
[White "AldokhinIvan"]
[Black "anpospan"]
[Result "1-0"]
[WhiteElo "2551"]
[BlackElo "2384"]
[TimeControl "180+1"]
[EndTime "11:33:47 PDT"]
[Termination "AldokhinIvan won by resignation"]

1. e4 b6 2. d4 Bb7 3. Nc3 e6 4. Bd3 d6 5. Qe2 e5 6. dxe5 dxe5 7. Nf3 Nd7 8. Bc4 Be7 9. Be3 Ngf6 10. O-O-O Ng4 11. Bd2 O-O 12. h3 Ngf6 13. Bg5 Qe8 14. g4 c6 15. Nh4 b5 16. Bd3 b4 17. Nb1 g6 18. Bh6 Nc5 19. Bxf8 Qxf8 20. Nd2 Ne6 21. Bc4 Nf4 22. Qf3 Nd7 23. Ng2 Nxg2 24. Qxg2 Nc5 25. Nb3 Ne6 26. Bxe6 fxe6 27. Qg3 Bg5+ 28. Kb1 Bf4 29.
Qd3 c5 30. Qc4 Rc8 31. Rd7 Ba8 32. Qxe6+ Kh8 33. Rhd1 c4 34. Rf7 cxb3 35. Rxf8+ Rxf8 36. axb3 Bxe4 37. Qe7 Rc8 38. Qf6+ Kg8 39. Qe6+ Kg7 40. Qxc8 1-0

[Event "*** SCC Grand Prix: Titled Tuesday Blitz"]
[Site "Chess.com"]
[Date "2020.10.13"]
[Round "8"]
[White "MaxLeto"]
[Black "IvanSoriano1"]
[Result "0-1"]
[WhiteElo "2322"]
[BlackElo "2511"]
[TimeControl "180+1"]
[EndTime "11:33:47 PDT"]
[Termination "IvanSoriano1 won on time"]

1. g4 e5 2. Bg2 d6 3. d4 exd4 4. Qxd4 Nc6 5. Qe3+ Be7 6. Bd2 Be6 7. Nc3 Qd7 8. g5 h6 9. h4 hxg5 10. hxg5 Rxh1 11.
Bxh1 d5 12. Nb5 a6 13. Nd4 Nxd4 14. Qxd4 Kf8 15. Bc3 f6 16. O-O-O Rd8 17. e3 Qd6 18. Nf3 b5 19. b3 a5 20. Bb2 a4 21. Nh4 axb3 22.
axb3 c5 23. Ng6+ Kf7 24. Nh8+ Ke8 25. Qh4 fxg5 26. Qh5+ Kd7 27. Nf7 Nf6 28. Bxf6 Bxf7 29. Qxf7 Qxf6 30. Rxd5+ Kc7 31. Qxf6 gxf6 32. Rxd8 Kxd8 33.
Kd2 Kc7 34. Kd3 Kd6 35. Ke4 Ke6 36. Bf3 f5+ 37. Kd3 Ke5 38. Bc6 b4 39. Bd7 g4 40.
Kc4 Bh4 41. f4+ gxf3 42. Kd3 Be1 43. Bc6 f2 44. Ke2 f4 45. exf4+ Kxf4 46. Bb7 Ke5 47.
Bc6 Kf4 48. Bb7 Kg3 0-1